 Dungeon Crawl Stone Soup version 0.23.2-1-ga50397a6bc (webtiles) character file.

Game seed: 6795918180592722343

4018 Mrkan the Spear-Bearer (level 10, -1/138 HPs)
             Began as a Grey Draconian Berserker on May 22, 2019.
             Was a High Priest of Trog.
             Slain by a gnoll sergeant
             ... wielding a +3 vampiric spear
              (8 damage)
             ... on level 9 of the Dungeon.
             The game lasted 00:14:20 (6045 turns).

Mrkan the Spear-Bearer (Grey Draconian Berserker)   Turns: 6045, Time: 00:14:20

Health: -1/138     AC: 12    Str: 24    XL:     10   Next: 3%
Magic:  3/3        EV: 13    Int:  8    God:    Trog [*****.]
Gold:   272        SH:  0    Dex: 14    Spells: 9/9 levels left

rFire    . . .     SeeInvis .   v - +9 trident "Xaah" {antimagic, *Drain +Blink rN+}
rCold    . . .     Gourm    .   (no shield)
rNeg     + . .     Faith    .   (armour unavailable)
rPois    .         Spirit   .   (helmet restricted)
rElec    .         Reflect  .   (no cloak)
rCorr    .         Harm     +   (no gloves)
MR       .....                  (no boots)
Stlth    ..........             n - amulet of harm
HPRegen  0.33/turn              (no ring)
MPRegen  0.08/turn              (no ring)

@: berserking (expiring), very quick
A: walk through water, unfitting armour, unbreathing, cold-blooded, AC +12
a: Berserk, Trog's Hand, Brothers in Arms, Renounce Religion, Evoke Blink


You were on level 9 of the Dungeon.
You worshipped Trog.
Trog was extremely pleased with you.
You were very hungry.

You visited 1 branch of the dungeon, and saw 8 of its levels.

You collected 272 gold pieces.

Inventory:

Hand Weapons
 a - a +0 spear
 f - a +2 spear of piercing
 v - the +9 trident "Xaah" (weapon) {antimagic, *Drain +Blink rN+}
   (You found it on level 5 of the Dungeon)

   It reduces the magical energy of the wielder, and disrupts the spells and
   magical abilities of those hit.
   Natural abilities and divine invocations are not affected.
   It protects you from negative energy.
   It lets you blink.
   It causes draining when unequipped.
Armour
 s - a +0 pair of gloves
Jewellery
 n - an amulet of harm (around neck)
 w - a +3 ring of slaying {unknown}
Scrolls
 e - 5 scrolls of identify
 g - a scroll of noise
 q - a scroll of teleportation
Potions
 c - 4 potions of lignification
 d - a potion of degeneration {unknown}
 h - a potion of haste {unknown}
 i - 2 potions of agility {unknown}
 j - a potion of mutation {unknown}
 k - 2 potions of curing {unknown}
 l - a potion of ambrosia {unknown}
 m - 2 potions of flight {unknown}
 o - 2 potions of heal wounds {unknown}
 p - a potion of brilliance {unknown}
 r - 2 potions of magic {unknown}
 t - a potion of might {unknown}
Comestibles
 b - 6 rations
 u - 2 chunks of flesh


   Skills:
 + Level 9.7 Fighting
 * Level 12.0 Polearms
 - Level 2.6 Dodging


You had 9 spell levels left.
You didn't know any spells.
Your spell library was empty.

Dungeon Overview and Level Annotations

Branches:
Dungeon (9/15)                Orc (0/2) D:9
 Temple: D:4-7         Lair: D:8-11

Altars:
Fedhas
Sif Muna
Trog
Xom
Zin

Shops:
D:8 [}:=


Innate Abilities, Weirdness & Mutations

You can walk through water.
Your dull iron-grey scales are very hard. (AC +12)
You cannot fit into any form of body armour.
You can survive without breathing.
You are cold-blooded and may be slowed by cold attacks.


Message History

Trog accepts your kill.
Trog will now gift you weapons as you gain piety.
You have reached level 10!
The gnoll sergeant hits you with a +0 spear.
* * * LOW HITPOINT WARNING * * *
The gnoll sergeant hits you with a +3 vampiric spear.
* * * LOW HITPOINT WARNING * * *
The scorpion barely misses you.
The orc warrior hits you but does no damage.
You impale the big kobold!!
You kill the big kobold!
Trog accepts your kill.
Your Polearms skill increases to level 12!
The gnoll misses you.
The orc warrior hits you with a +0 flail!
* * * LOW HITPOINT WARNING * * *
The gnoll hits you but does no damage. The orc misses you.
The orc barely misses you. The gnoll sergeant misses you.
The gnoll sergeant hits you from afar with a +3 vampiric spear!
You die...

########### #.........#
#.###)###.# #8gso8#.#
#oO)go#.# #.g@oK#.#
#.ogoo#.# #####
#8.Oo8#.########....
############.....#.......
#...............(#.##.###
#####.###.####.......#.##.#
#.....###..............##.#
#.#.......####.......####.#
# #.#####.# #.......# #.#


You could see 2 orc warriors, a big kobold, 2 ogres, 2 gnoll sergeants, a
scorpion, 2 gnolls and 6 orcs.

Vanquished Creatures
  Pikel (D:6)
  A troll (D:9)
  A hornet (D:5)
  A hippogriff (D:8)
  A spriggan (D:8)
  A wyvern (D:8)
  2 hungry ghosts
  A steam dragon (D:8)
  2 orc warriors
  An ice beast (D:9)
  A slave (D:6)
  An ogre (D:8)
  2 necrophages (D:5)
  2 centaurs
  2 big kobolds (D:9)
  A bullfrog (D:8)
  A scorpion (D:8)
  3 howler monkeys (D:8)
  3 wights (D:8)
  A bullfrog zombie (D:5)
  3 crimson imps
  A centaur zombie (D:8)
  2 quasits (D:9)
  A bullfrog skeleton (D:5)
  4 orc priests
  A jelly (D:8)
  2 centaur skeletons
  A hound (D:9)
  An iguana (D:8)
  9 orc wizards
  4 worker ants
  A hound zombie (D:8)
  A gnoll (D:9)
  9 adders
  An adder skeleton (D:4)
  5 worms
  2 dart slugs (D:4)
  4 leopard geckos
  15 orcs
  A ball python (D:4)
  6 giant cockroaches
  6 hobgoblins
  11 jackals
  A quokka (D:2)
  9 bats
  8 frilled lizards
  9 goblins
  A jackal skeleton (D:4)
  10 kobolds
  A quokka zombie (D:5)
  8 rats
167 creatures vanquished.

Vanquished Creatures (others)
  A jackal (D:6)
1 creature vanquished.

Grand Total: 168 creatures vanquished

Notes
Turn   | Place    | Note
-------+----------+-------------------------------------------
     0 | D:1      | Mrkan the Draconian Berserker began the quest for the Orb.
     0 | D:1      | Reached XP level 1. HP: 19/19 MP: 1/1
   218 | D:1      | Reached XP level 2. HP: 26/26 MP: 2/2
   726 | D:1      | Reached ** piety under Trog
   980 | D:2      | Reached XP level 3. HP: 33/33 MP: 3/3
  1105 | D:2      | Reached skill level 4 in Polearms
  1264 | D:2      | Reached XP level 4. HP: 40/40 MP: 4/4
  1705 | D:2      | Found a deep blue altar of Sif Muna.
  1772 | D:2      | Reached skill level 5 in Polearms
  1985 | D:3      | Reached XP level 5. HP: 47/47 MP: 5/5
  2153 | D:3      | Reached *** piety under Trog
  2528 | D:3      | Noticed a moth of wrath
  2530 | D:3      | Found a bloodstained altar of Trog.
  2760 | D:4      | Reached skill level 5 in Fighting
  2760 | D:4      | Reached XP level 6. HP: 56/56 MP: 6/6
  2810 | D:4      | Found a blossoming altar of Fedhas.
  2839 | D:4      | Reached skill level 6 in Polearms
  3850 | D:5      | Entered Level 5 of the Dungeon
  3853 | D:5      | Found a shimmering altar of Xom.
  3933 | D:5      | Noticed a hornet
  3945 | D:5      | Killed a hornet
  3945 | D:5      | Reached skill level 7 in Polearms
  3945 | D:5      | Your scales start taking on a dull iron-grey colour.
  3945 | D:5      | Reached XP level 7. HP: 56/63 MP: 7/7
  3945 | D:5      | Gained mutation: You can survive without breathing. [Grey
                  | Draconian growth]
  4107 | D:5      | Reached skill level 8 in Polearms
  4158 | D:5      | Reached XP level 8. HP: 71/71 MP: 8/8
  4384 | D:5      | Got a bloodstained trident
  4386 | D:5      | Identified the +9 trident "Xaah" {antimagic, *Drain +Blink
                  | rN+} (You found it on level 5 of the Dungeon)
  4448 | D:6      | Noticed Pikel
  4456 | D:6      | Killed Pikel
  4456 | D:6      | Reached skill level 9 in Polearms
  4471 | D:6      | You fall through a shaft for 3 floors!
  4490 | D:8      | Found a flagged portal.
  4537 | D:8      | Reached **** piety under Trog
  4556 | D:8      | Reached skill level 10 in Polearms
  4556 | D:8      | Reached XP level 9. HP: 44/81 MP: 3/9
  4935 | D:8      | Found Leud's Gadget Emporium.
  4942 | D:8      | Found Sid Jis's Jewellery Emporium.
  4942 | D:8      | Found Ziulum's Antique Armour Emporium.
  4942 | D:8      | Found Japtoyv's Book Emporium.
  4975 | D:8      | Found a glowing silver altar of Zin.
  5276 | D:8      | Reached skill level 11 in Polearms
  6030 | D:9      | Found a staircase to the Orcish Mines.
  6030 | D:9      | Noticed a troll
  6043 | D:9      | Killed a troll
  6043 | D:9      | Reached ***** piety under Trog
  6043 | D:9      | Reached XP level 10. HP: 20/92 MP: 3/10
  6044 | D:9      | Reached skill level 12 in Polearms
  6044 | D:9      | HP: 6/138 [orc warrior/+0 flail (10)]
  6045 | D:9      | Slain by a gnoll sergeant

Skill      XL: |  1  2  3  4  5  6  7  8  9 10 |
---------------+-------------------------------+-----
Polearms       | 4 5 7 8 10 11 12 | 12.0
Fighting       | 4 5 6 8 9 |  9.7
Dodging        | |  2.6

Action                   |  1- 3 |  4- 6 |  7- 9 | 10-12 || total
-------------------------+-------+-------+-------+-------++-------
Melee: Spear             |   122 |   234 |    74 |       ||   430
       Tailslap          |     9 |    44 |    22 |       ||    75
       Trident           |       |       |   125 |     1 ||   126
Invok: Berserk           |     1 |     4 |     4 |       ||     9
  Use: Scroll            |       |     7 |     3 |       ||    10
 Stab: Sleeping          |       |     1 |       |       ||     1
  Eat: Chunk             |     1 |    11 |    12 |       ||    24
       Ration            |       |       |     1 |       ||     1
Armor: Skin              |    35 |    76 |    69 |     2 ||   182
Dodge: Dodged            |    72 |   133 |    87 |     5 ||   297
